 Dungeon Crawl Stone Soup version 0.19-a0-994-g3c636f0 (webtiles) character file.

5669 mrath the Thaumaturge (level 10, -5/58 HPs)
             Began as a Gargoyle Earth Elementalist on July 18, 2016.
             Was a Believer of Vehumet.
             Slain by an orc warrior
             ... wielding a +0 glaive
              (9 damage)
             ... in a bailey.
             The game lasted 01:15:23 (13319 turns).

mrath the Thaumaturge (GrEE)                       Turns: 13319, Time: 01:15:23

Health: -5/58      AC: 13    Str: 13    XL:     10   Next: 75%
Magic:  2/23       EV: 13    Int: 18    God:    Vehumet [**....]
Gold:   158        SH:  0    Dex: 10    Spells: 4 memorised, 17 levels left

rFire  . . .     SeeInvis .     Y - +1 short sword (holy)
rCold  . . .     Gourm    .     c - +0 robe
rNeg   + . .     Faith    .     (no shield)
rPois  ∞         Spirit   .     r - +0 helmet
rElec  +         Dismiss  .     I - +0 cloak
rCorr  +         Reflect  .     (no gloves)
SustAt .         Harm     .     T - +0 pair of boots
MR     .....                    s - amulet of regeneration
Stlth  ++........               (no ring)
                                v - ring of resist corrosion

@: not resistant to hostile enchantments, unstealthy
A: negative energy resistance 1, electricity resistance, unbreathing,
petrification resistance, rot immunity, AC +7
a: Renounce Religion


You were in a bailey.
You worshipped Vehumet.
Vehumet was pleased with you.
You were not hungry.

You visited 2 branches of the dungeon, and saw 11 of its levels.
You also visited: Bailey.

You collected 583 gold pieces.
You spent 425 gold pieces at shops.

Inventory:

Hand Weapons
 m - a +3 short sword of draining
 u - a +2 dagger of electrocution
 R - a +1 scimitar of flaming
 Y - a +1 short sword of holy wrath (weapon)
Missiles
 b - 139 stones
 h - 3 javelins of returning (quivered)
 E - 8 tomahawks
Armour
 c - a +0 robe (worn)
 r - a +0 helmet (worn)
 I - a +0 cloak (worn)
 T - a +0 pair of boots (worn)
Jewellery
 s - an amulet of regeneration (around neck)
 v - a ring of resist corrosion (left hand)
Scrolls
 g - a scroll of noise {unknown}
 i - 3 scrolls of fog
 j - 2 scrolls of teleportation {unknown}
 k - 2 scrolls of immolation
 n - 4 scrolls of identify
 t - 4 scrolls of remove curse
 y - 2 scrolls of recharging
 z - 3 scrolls of magic mapping
 C - a scroll of enchant weapon {unknown}
 F - a scroll of enchant armour {unknown}
 G - a scroll of amnesia {unknown}
 L - 2 scrolls of fear {unknown}
 N - a scroll of brand weapon {unknown}
 O - a scroll of torment {unknown}
Potions
 f - a potion of berserk rage {unknown}
 l - a potion of degeneration {unknown}
 o - 3 potions of might {unknown}
 p - 2 potions of mutation {unknown}
 w - 2 potions of magic {unknown}
 x - a potion of cancellation {unknown}
 A - 2 potions of brilliance {unknown}
 H - a potion of lignification {unknown}
 P - 3 potions of heal wounds {unknown}
 S - a potion of flight {unknown}
 V - a potion of cure mutation {unknown}
Books
 e - a book of Geomancy

   Spells                             Type                      Level
   a - Sandblast                      Earth                        1
   b - Passwall                       Transmutation/Earth          2
   c - Stone Arrow                    Conjuration/Earth            3
   d - Petrify                        Transmutation/Earth          4
   e - Lee's Rapid Deconstruction     Earth                        5
Miscellaneous
 K - a disc of storms
Comestibles
 a - 5 meat rations
 d - 9 bread rations
 B - 2 beef jerkies
 U - 8 chunks of flesh


   Skills:
 + Level 4.4 Fighting
 + Level 4.1 Short Blades
 + Level 5.1 Armour
 + Level 4.0 Dodging
 - Level 2.1 Stealth
 * Level 9.4 Spellcasting
 + Level 4.9 Conjurations
   Level 0.7 Transmutations
 + Level 8.6 Earth Magic


You had 17 spell levels left.
You knew the following spells:

 Your Spells              Type           Power        Failure   Level  Hunger
a - Sandblast             Erth           #####.       1%          1    None
b - Stone Arrow           Conj/Erth      ####..       1%          3    None
c - Lee's Rapid Deconstr  Erth           #####.....   8%          5    #####..
d - Shock                 Conj/Air       ###.         3%          1    None


Dungeon Overview and Level Annotations

Branches:
Dungeon (10/15)            Temple (1/1) D:4            Lair (0/6) D:10
    Orc (0/2) D:9

Altars:
Ashenzari
Cheibriados
Dithmenos
Elyvilon
Fedhas
Gozag
Hepliaklqana
Kikubaaqudgha
Makhleb
Nemelex Xobeh
Okawaru
Pakellas
Qazlal
Ru
Sif Muna
Trog
Uskayaw
Vehumet
Xom
Yredelemnul
Zin
The Shining One

Shops:
D:8 [   D:9 [

Annotations:
D:5 Grinder, Sigmund


Innate Abilities, Weirdness & Mutations

You are resistant to torment.
Your stone body is resilient. (AC +7)
You are immune to poison.
You resist negative energy. (rN+)
You are resistant to electric shocks. (rElec)
You can survive without breathing.
You are immune to petrification.
You are immune to rotting.


Message History

The stone arrow hits the orc warrior.
The orc warrior is lightly wounded.
The orc warrior barely misses you.
Casting: Stone Arrow
Confirm with . or Enter, or press ? or * to list all spells.
Aiming: Stone Arrow
Press: ? - help, Shift-Dir - straight line, f/p - orc warrior
Aim: an orc warrior, wielding a glaive and wearing a scale mail (lightly wounded)
The stone arrow misses the orc warrior.
The orc warrior hits you from afar with a glaive!!
* * * LOW HITPOINT WARNING * * *
Casting: Stone Arrow
Confirm with . or Enter, or press ? or * to list all spells.
Aiming: Stone Arrow
Press: ? - help, Shift-Dir - straight line, f/p - orc warrior
Aim: an orc warrior, wielding a glaive and wearing a scale mail (lightly wounded)
The stone arrow hits the orc warrior.
The orc warrior is almost dead.
The orc warrior hits you from afar with a glaive!
You die...

#.≈≈.≈.≈≈≈≈≈.≈.≈≈.#..≈#
##.≈.≈≈)....≈≈.≈.##).≈#
#.≈≈)≈≈≈)≈≈≈.≈≈.#⌠..≈#
#..≈≈..≈.≈..≈≈..#.).≈#
#.⌠.≈≈≈...≈≈≈.⌠.#...≈# .
##....≈≈≈≈≈....##)..≈#
...#####.....#####..).≈#
......⌠#######⌠.......##
.......o.@...........##
#...................##
#########+++#########


You could see an orc warrior.

Vanquished Creatures
  Erica (D:8)
  A troll (D:8)
  2 two-headed ogres
  A wyvern (D:8)
  A wraith (D:10)
  A spriggan (D:7)
  Menkaure (D:5)
  Duvessa (D:4)
  3 orc warriors
  3 sky beasts
  2 ice beasts
  3 ogres
  A phantom (D:4)
  5 centaurs
  Blork the orc (D:4)
  4 giant frogs
  Dowan (D:4)
  2 scorpions
  3 wights (D:9)
  2 electric eels (D:10)
  3 howler monkeys
  2 giant frog zombies
  4 crimson imps
  2 centaur zombies
  5 hounds
  3 orc priests
  A giant frog skeleton (D:6)
  6 orc wizards
  Jessica (D:3)
  4 iguanas
  Ijyb (D:3)
  Terence (D:3)
  10 worker ants
  A hound zombie (D:6)
  A hound skeleton (D:4)
  A worker ant zombie (D:8)
  8 gnolls (D:5)
  A howler monkey skeleton (D:8)
  10 adders
  An ooze (D:1)
  2 adder zombies (D:5)
  2 adder skeletons
  A worm (D:2)
  7 giant geckos
  42 orcs
  3 ball pythons
  7 giant cockroaches
  11 goblins
  6 hobgoblins
  5 jackals
  2 quokkas
  10 bats
  A giant cockroach zombie (D:5)
  4 giant newts
  10 kobolds
  7 rats
225 creatures vanquished.

Vanquished Creatures (others)
  A wizard (D:6)
1 creature vanquished.

Grand Total: 226 creatures vanquished

Notes
Turn   | Place    | Note
-------+----------+-------------------------------------------
     0 | D:1      | mrath the Gargoyle Earth Elementalist began the quest for the Orb.
     0 | D:1      | Reached XP level 1. HP: 10/10 MP: 3/3
   336 | D:1      | Reached XP level 2. HP: 4/15 MP: 0/5
  1147 | D:1      | Reached XP level 3. HP: 19/19 MP: 1/7
  1303 | D:1      | Reached skill level 3 in Spellcasting
  1792 | D:2      | Reached XP level 4. HP: 24/24 MP: 3/9
  2407 | D:3      | Noticed Terence
  2414 | D:3      | Killed Terence
  2501 | D:3      | Reached skill level 4 in Spellcasting
  2600 | D:3      | Reached XP level 5. HP: 28/28 MP: 11/11
  2774 | D:3      | Noticed Jessica
  2778 | D:3      | Killed Jessica
  3031 | D:3      | Noticed Ijyb
  3070 | D:3      | Killed Ijyb
  3070 | D:3      | Reached skill level 5 in Earth Magic
  3437 | D:3      | HP: 1/28 [iguana (8)]
  3438 | D:3      | Reached XP level 6. HP: 2/32 MP: 5/13
  3759 | D:3      | Learned a level 3 spell: Stone Arrow
  3846 | D:4      | Reached skill level 5 in Spellcasting
  3990 | D:4      | You fall through a shaft for 3 floors!
  4305 | D:6      | Noticed a two-headed ogre
  4478 | D:7      | Noticed a spriggan baker
  4585 | D:7      | Reached XP level 7. HP: 7/36 MP: 5/15
  4868 | D:7      | Reached skill level 6 in Spellcasting
  5159 | D:5      | Entered Level 5 of the Dungeon
  5830 | D:4      | Noticed Blork the orc
  5835 | D:4      | Killed Blork the orc
  6024 | D:4      | Reached XP level 8. HP: 41/41 MP: 16/18
  6051 | D:4      | Reached skill level 7 in Spellcasting
  6083 | D:4      | Noticed Duvessa
  6084 | D:4      | Noticed Dowan
  6108 | D:4      | Killed Duvessa
  6280 | D:4      | Reached skill level 1 in Armour
  6374 | D:4      | Found a staircase to the Ecumenical Temple.
  6393 | D:4      | Reached skill level 1 in Conjurations
  6421 | Temple   | Entered the Ecumenical Temple
  6731 | Temple   | Became a worshipper of Vehumet
  6757 | D:4      | Killed Dowan
  6757 | D:4      | Reached skill level 1 in Fighting
  7218 | D:5      | Reached skill level 1 in Short Blades
  7598 | D:5      | Noticed Menkaure
  7599 | D:5      | Noticed Grinder
  7629 | D:5      | Killed Menkaure
  7655 | D:5      | Noticed Sigmund
  7933 | D:6      | Killed a two-headed ogre
  7933 | D:6      | Reached XP level 9. HP: 48/48 MP: 10/20
  8669 | D:6      | Reached skill level 8 in Spellcasting
  9056 | D:6      | Reached * piety under Vehumet
  9056 | D:6      | Offered knowledge of Shock by Vehumet.
  9152 | D:6      | Learned a level 5 spell: Lee's Rapid Deconstruction
  9154 | D:6      | Learned a level 1 spell: Shock
  9346 | D:6      | Found an ancient bone altar of Kikubaaqudgha.
  9534 | D:6      | Found a bloodstained altar of Trog.
  9536 | D:6      | Noticed a wizard
  9541 | D:6      | Killed a wizard
 10248 | D:8      | Noticed Erica
 10644 | D:8      | Found Notsy's Antique Armour Shop.
 10801 | D:8      | Noticed a two-headed ogre
 10808 | D:7      | Killed a two-headed ogre
 10808 | D:7      | Reached XP level 10. HP: 29/56 MP: 12/22
 11026 | D:8      | Killed Erica
 11143 | D:8      | Found an ancient bone altar of Kikubaaqudgha.
 11237 | D:8      | Reached skill level 9 in Spellcasting
 11606 | D:8      | Offered knowledge of Searing Ray by Vehumet.
 12250 | D:9      | Found Kobulug's Armour Shop.
 12305 | D:9      | Found a staircase to the Orcish Mines.
 12320 | D:9      | Reached ** piety under Vehumet
 12544 | D:8      | Bought a dull robe for 159 gold pieces
 12544 | D:8      | Identified the cursed +0 robe "Fupnuxty" {rElec rN+ Str-4} (You bought it in a shop on level 8 of the Dungeon)
 12545 | D:8      | Bought a twisted cloak for 266 gold pieces
 12545 | D:8      | Identified the cursed -2 cloak of Kleptomania {Regen+} (You bought it in a shop on level 8 of the Dungeon)
 12593 | D:10     | Entered Level 10 of the Dungeon
 12776 | D:10     | Reached skill level 5 in Armour
 12874 | D:10     | Found a flagged portal.
 12924 | Bailey   | Entered a bailey
 13092 | Bailey   | Offered knowledge of Dazzling Spray by Vehumet.
 13319 | Bailey   | Slain by an orc warrior

Vault maps used:
D:1:      lightli_arrival_maybe_door_vault
D:2:      first_bread
D:3:      uniq_iyjb, uniq_jessica, uniq_terence
D:4:      st_stairs_8, grunt_decor_one_mirror, uniq_duvessa, uniq_blork_the_orc
D:5:      uniq_sigmund, uniq_grinder, uniq_menkaure
D:6:      basic_altar, grunt_ministairs_15, trog_wizard
D:7:      the_bakery
D:8:      kiku_gazebo_pond_becter, serial_shops, nicolae_shop_waterfront,
          minmay_misc_feat_hallway, uniq_erica
D:9:      orc_0_dummy, serial_shops, nicolae_shop_trees,
          kennysheep_generic_room_4
D:10:     erik_lair_island, enter_bailey_3
Temple:   nicolae_temple_the_god_donut
Bailey:   bailey_polearm_flooded_kennysheep, bailey

Skill      XL: |  1  2  3  4  5  6  7  8  9 10 |
---------------+-------------------------------+-----
Earth Magic    | 4 5 6 7 8 |  8.6
Spellcasting   | 3 4 5 6 7 8 9 |  9.4
Armour         | 2 4 5 |  5.1
Conjurations   | 2 3 4 |  4.9
Fighting       | 2 3 4 |  4.4
Dodging        | 2 3 4 |  4.0
Short Blades   | 1 3 4 |  4.1
Stealth        | |  2.1
Transmutations | |  0.7

Action                   |  1- 3 |  4- 6 |  7- 9 | 10-12 || total
-------------------------+-------+-------+-------+-------++-------
Melee: Mace              |    25 |       |       |       ||    25
       Short sword       |    12 |    93 |   145 |    97 ||   347
 Cast: Sandblast         |    52 |    59 |    40 |     8 ||   159
       Stone Arrow       |       |     3 |   132 |    90 ||   225
       Shock             |       |       |     1 |     1 ||     2
  Use: Scroll            |       |       |       |     8 ||     8
 Stab: Sleeping          |       |     2 |       |       ||     2
       Distracted        |       |     1 |       |       ||     1
  Eat: Chunk             |     3 |     6 |    15 |     8 ||    32
       Royal jelly       |       |     1 |       |       ||     1
       Pizza             |       |       |     3 |       ||     3
       Beef jerky        |       |       |     2 |       ||     2
Armor: Robe              |    35 |    48 |    94 |    50 ||   227
Dodge: Dodged            |    46 |    74 |    92 |    76 ||   288
